 Seeded DCSS version 0.30-a0-883-g5ad918d77d (webtiles) character file.

Game seed: 8796237800415217726 (custom seed)

1332 BigDaddyOpFi the Covered (level 8, -3/72 HPs)
             Began as an Armataur Fighter on Mar 17, 2023.
             Was an Initiate of Fedhas.
             Slain by a killer bee (5 damage)
             ... on level 7 of the Dungeon.
             The game lasted 00:06:01 (5025 turns).

BigDaddyOpFi the Covered (Armataur Fighter)         Turns: 5025, Time: 00:06:02

Health: -3/72      AC: 11    Str: 27    XL:     8   Next: 34%
Magic:  9/9        EV:  7    Int:  9    God:    Fedhas [......]
Gold:   1576       SH:  7    Dex:  9    Spells: 7/7 levels left

rFire   . . .      SeeInvis +    j - +10 broad axe "Selaida" {heavy, Str+3}
rCold   . . .      Faith    .    c - +2 buckler
rNeg    . . .      Spirit   .    b - +0 scale mail
rPois   +          Reflect  .    (no helmet)
rElec   .          Roll     +    q - +2 cloak of the Thief {*Fog Slay-2 SInv Stlth+}
rCorr   .                        (no gloves)
Will    .....                    (no barding)
Stlth   +                        m - amulet of regeneration
HPRegen 1.12/turn                d - ring of poison resistance
MPRegen 0.11/turn                (no ring)

@: mighty, lethally poisoned (-3 -> -8)
A: large, rugged brown scales 3, deformed body, armoured tail, roll, long
tongue, awkward tongue
a: Renounce Religion


You were on level 7 of the Dungeon.
You worshipped Fedhas.
Fedhas was noncommittal.
You visited 2 branches of the dungeon, and saw 8 of its levels.

You collected 2018 gold pieces.
You spent 442 gold pieces at shops.

Inventory:

Hand Weapons
 j - the +10 broad axe "Selaida" (weapon) {heavy, Str+3}
   (You acquired it on level 1 of the Dungeon)

   Str:       It affects your strength (+3).
Armour
 b - a +0 scale mail (worn)
 c - a +2 buckler (worn)
 q - the +2 cloak of the Thief (worn) {*Fog Slay-2 SInv Stlth+}
   (You bought it in a shop on level 2 of the Dungeon)

   *Fog:      It may release a thick cloud of smoke when the wearer is hurt.
   Slay:      It affects your accuracy & damage with ranged weapons and melee
   (-2).
   SInv:      It lets you see invisible.
   Stlth:     It makes you more stealthy.
Jewellery
 d - a ring of poison resistance (left hand)
 m - an amulet of regeneration (around neck)
 x - a ring of protection from fire
Wands
 v - a wand of paralysis (10)
 w - a wand of flame (43)
Scrolls
 a - a scroll of teleportation
 e - a scroll of summoning {unknown}
 i - 3 scrolls of noise
 o - 7 scrolls of identify
 s - 2 scrolls of fear {unknown}
 t - a scroll of vulnerability
 y - a scroll of poison
Potions
 f - a potion of attraction
 g - 2 potions of berserk rage
 h - a potion of magic {unknown}
 k - a potion of mutation {unknown}
 l - 2 potions of lignification {unknown}
 n - a potion of invisibility {unknown}
 p - a potion of degeneration {unknown}
 r - 3 potions of brilliance
 u - a potion of haste {unknown}


   Skills:
 + Level 5.2 Fighting
 + Level 4.3 Axes
 + Level 7.0 Armour
 + Level 6.4 Shields
 + Level 1.8 Invocations


You had 7 spell levels left.
You didn't know any spells.
Your spell library contained the following spells:

 Spells                   Type           Power      Damage    Failure   Level
 Magic Dart               Conj           0%         1d3       69%         1
 Call Imp                 Summ           0%         N/A       83%         2
 Ignite Poison            Fire/Tmut/Pois 0%         N/A       96%         3
 Kindle Blastsparks       Fire/Tloc/Air  0%         2d10      96%         3
 Mephitic Cloud           Conj/Pois/Air  0%         N/A       96%         3
 Freezing Cloud           Conj/Ice/Air   0%         6-21      100%        5


Dungeon Overview and Level Annotations

Branches:
Dungeon (7/15)             Temple (1/1) D:6

Altars:
Ashenzari
Cheibriados
Dithmenos
Fedhas
Gozag
Hepliaklqana
Kikubaaqudgha
Makhleb
Nemelex Xobeh
Okawaru
Qazlal
Sif Muna
Trog
Uskayaw
Vehumet
Xom
Yredelemnul
Zin
The Shining One

Shops:
D:1 :   D:2 *   D:5 (


Innate Abilities, Weirdness & Mutations

You are completely covered in rugged brown scales. (AC +3, +7% HP)
Armour fits poorly on your strangely shaped body.
You have a long armoured tail.
You roll when moving toward enemies. (Rampage)
Your long tongue fully drains potion bottles. (2x potion effects)
Your tongue gives you trouble enunciating. (1.5x scroll delay)


Message History

You closely miss the killer bee. You miss the killer bee.
You miss the water moccasin.
You feel very sick. The killer bee barely misses you.
The killer bee stings you but does no damage.
You block the water moccasin's attack.
The killer bee stings you but does no damage. x2
The killer bee stings you.
You are more poisoned.
The killer bee poisons you!
The water moccasin bites you but does no damage.
The killer bee stings you.
* * * LOW HITPOINT WARNING * * *
The killer bee stings you but does no damage.
The water moccasin barely misses you.
The killer bee stings you but does no damage.
Unknown command.
You slurp down every last drop of the potion of might!
You feel very mighty all of a sudden.
You feel sick.
The killer bee stings you but does no damage.
You block the killer bee's attack. The water moccasin bites you.
* * * LOW HITPOINT WARNING * * *
The killer bee stings you!
* * * LOW HITPOINT WARNING * * *
You block the killer bee's attack.
The water moccasin bites you but does no damage.
You miss the killer bee.
Your tail-slap misses the killer bee.
The killer bee is lightly wounded.
You miss the killer bee. You miss the water moccasin.
You feel very sick.
The killer bee stings you but does no damage.
The killer bee stings you.
* * * LOW HITPOINT WARNING * * *
You are more poisoned.
The killer bee poisons you! The killer bee stings you.
* * * LOW HITPOINT WARNING * * *
The killer bee stings you.
You die...
Fedhas appreciates your contribution to the ecosystem.

#..# ##..# #.# # ##...#
#.## ..##....####..#
........##....#
...(...[.#....#
.........#....# ...#≈≈
.......<.y....# ...#≈
.........@S...# ...#
..##....y.....####...####
......###.......#......#
#..#### #.......#.......
.. #.......#....... .
#..###.......... #.##
###.....### #.# #..#..#S≈
#.# ..(...#≈≈


You could see a water moccasin and 2 killer bees.

Vanquished Creatures
  2 black bears
  2 ogres
  A centaur (D:6)
  A scorpion (D:5)
  2 killer bees (D:7)
  5 jellies
  2 hounds
  A gnoll bouda (D:5)
  3 orc priests
  A sleepcap (D:6)
  2 iguanas (D:6)
  6 orc wizards
  6 gnolls
  8 adders
  A shadow imp (D:5)
  2 ufetubi
  A worm (D:2)
  15 orcs
  9 endoplasms
  6 giant cockroaches
  5 hobgoblins
  11 jackals
  3 quokkas
  4 ball pythons
  5 bats
  4 goblins
  3 kobolds
  5 rats
116 creatures vanquished.

Notes
Turn   | Place    | Note
-------+----------+-------------------------------------------
     0 | D:1      | BigDaddyOpFi the Armataur Fighter began the quest for the
                  | Orb.
     0 | D:1      | Reached XP level 1. HP: 19/19 MP: 1/1
    59 | D:1      | Found Veoliky's Book Emporium.
    90 | D:1      | Identified 3 scrolls of acquirement
    90 | D:1      | Acquired the +10 broad axe "Selaida" {heavy, Str+3}
    94 | D:1      | Acquired 766 gold pieces
    96 | D:1      | Acquired 887 gold pieces
   255 | D:1      | Reached XP level 2. HP: 26/26 MP: 2/2
   506 | D:2      | Reached skill level 4 in Armour
   545 | D:2      | Reached XP level 3. HP: 29/33 MP: 3/3
   678 | D:2      | Found Fuiquv's Assorted Antiques.
   688 | D:2      | Bought the +2 cloak of the Thief {*Fog Slay-2 SInv Stlth+}
                  | for 442 gold pieces
   688 | D:2      | Found the +2 cloak of the Thief {*Fog Slay-2 SInv Stlth+}
   903 | D:2      | Found a faded altar of an unknown god.
   911 | D:2      | Reached XP level 4. HP: 31/40 MP: 4/4
  1398 | D:2      | Identified the +4 hand axe "Fumm" {freeze, *Rage Dex+4}
  1946 | D:4      | Reached XP level 5. HP: 48/48 MP: 5/5
  1957 | D:4      | Reached skill level 5 in Armour
  1957 | D:4      | HP: 2/49 [orc/+0 whip (1)]
  2496 | D:4      | Reached XP level 6. HP: 55/55 MP: 6/6
  2673 | D:5      | Entered Level 5 of the Dungeon
  2758 | D:5      | Found Zunkiod's Weapon Emporium.
  2866 | D:5      | Reached skill level 5 in Shields
  3222 | D:5      | Reached XP level 7. HP: 63/63 MP: 7/7
  3286 | D:5      | Reached skill level 6 in Armour
  3788 | D:6      | Found a staircase to the Ecumenical Temple.
  3864 | Temple   | Entered the Ecumenical Temple
  3896 | Temple   | Became a worshipper of Fedhas Madash
  4228 | D:6      | Reached XP level 8. HP: 60/71 MP: 8/8
  4533 | D:6      | Reached skill level 5 in Fighting
  4533 | D:6      | Reached skill level 1 in Invocations
  5021 | D:7      | Reached skill level 7 in Armour
  5025 | D:7      | HP: 2/72 [killer bee (4)]
  5025 | D:7      | Slain by a killer bee

Illustrated notes

Levels and vault maps discovered:
D:1:      heliophobic_arrival_henge, layout_rooms, serial_shops, shop_statue
D:2:      layout_basic, serial_shops, nicolae_lakefront_shop,
          ebering_ecumenical_altar_ruins
D:3:      layout_basic
D:4:      layout_rooms, kennysheep_generic_room_4
D:5:      layout_loops_corners, serial_shops, nicolae_shop_behind_doors
D:6:      layout_layer_cave, minmay_temple_entry_arrows, chequers_avenue
D:7:      layout_rooms, serial_aquarium, aquarium_bridge_straight
          [aquarium_subvault_bridge, aquarium_subvault_wall,
          aquarium_subvault_bridge, aquarium_subvault_window],
          aquarium_window_corridor_1, aquarium_window_1, aquarium_window_fake,
          aquarium_window_1, aquarium_view_2c, aquarium_view_2b,
          aquarium_balcony_3b, aquarium_pool_2
Temple:   nicolae_temple_bog_church

Skill      XL: |  1  2  3  4  5  6  7  8 |
---------------+-------------------------+-----
Armour         | 4 5 6 7 |  7.0
Fighting       | 3 4 5 |  5.2
Axes           | 2 3 4 |  4.3
Shields        | 4 5 6 |  6.4
Invocations    | 1 |  1.8

Action                     |  1- 3 |  4- 6 |  7- 9 || total
---------------------------+-------+-------+-------++-------
  Melee: Broad axe         |    41 |    83 |    47 ||   171
         War axe           |     4 |       |       ||     4
         Tailslap          |     4 |     3 |     5 ||    12
    Use: Scroll            |     3 |    11 |     1 ||    15
         Potion            |       |     5 |     2 ||     7
 Armour: Scale mail        |    33 |    72 |    62 ||   167
  Dodge: Dodged            |    24 |    43 |    23 ||    90
  Block: Buckler           |     9 |    21 |    29 ||    59

Table legend: (Time is in decaauts)
 A = Elapsed time spent in this place.
 B = Non-inter-level travel time spent in this place.
 C = Inter-level travel time spent in this place.
 D = Time resting spent in this place.
 E = Time spent auto-exploring this place.
 F = Levels seen in this place.
 G = Mean time per level.
                   A        B        C        D        E       F      G
               +--------+--------+--------+--------+--------+-----+--------+
         Total |   5253 |   5033 |    220 |    635 |   3601 |   8 |  656.6 |
       Dungeon |   5081 |   4876 |    205 |    635 |   3484 |   7 |  725.9 |
        Temple |    171 |    156 |     15 |      0 |    117 |   1 |  171.0 |
               +--------+--------+--------+--------+--------+-----+--------+

Top non-repeatable levels by time:
     D:5: 1160 daAuts
     D:2: 1071 daAuts
     D:6: 1069 daAuts
     D:4: 838 daAuts
     D:1: 524 daAuts
     D:3: 380 daAuts
  Temple: 171 daAuts
     D:7: 37 daAuts
